 Dungeon Crawl Stone Soup version 0.30.0 (webtiles) character file.

Game seed: 1772936589483753226

946 browni3141 the Twirler (level 7, -2/67 HPs)
             Began as an Armataur Delver on May 6, 2023.
             Was a Believer of Okawaru.
             Slain by an iguana (7 damage)
             ... on level 5 of the Dungeon.
             The game lasted 00:06:01 (4217 turns).

browni3141 the Twirler (Armataur Delver)            Turns: 4217, Time: 00:06:02

Health: -2/67      AC:  5    Str: 20    XL:     7   Next: 89%
Magic:  7/7        EV:  9    Int: 10    God:    Okawaru [**....]
Gold:   312        SH:  0    Dex: 11    Spells: 6/6 levels left

rFire   . . .        U - +4 quarterstaff
rCold   . . .        (shield currently unavailable)
rNeg    . . .        b - +0 leather armour
rPois   .            (no helmet)
rElec   .            (no cloak)
rCorr   .            K - +0 pair of gloves
SInv    .            (no barding)
Will    .....        (no amulet)
Stlth   +++          (no ring)
HPRegen 0.31/turn    (no ring)
MPRegen 0.10/turn

%: roll
@: no status effects
A: large, rugged brown scales 3, deformed body, armoured tail, roll, long
tongue, awkward tongue
a: Renounce Religion, Heroism


You were on level 5 of the Dungeon.
You worshipped Okawaru.
Okawaru was pleased with you.
You visited 2 branches of the dungeon, and saw 6 of its levels.

You collected 312 gold pieces.

Inventory:

Hand Weapons
 a - a +0 short sword
 E - a +1 short sword of draining
 U - a +4 quarterstaff (weapon)
Missiles
 B - 17 poisoned darts
 J - 6 silver javelins
 T - 3 boomerangs (quivered)
Armour
 b - a +0 leather armour (worn)
 G - a +0 cloak
 K - a +0 pair of gloves (worn)
Jewellery
 H - a +6 ring of intelligence
 Y - a +4 ring of protection
Wands
 g - a wand of digging (3)
 P - a wand of paralysis (12)
Scrolls
 d - 2 scrolls of magic mapping
 e - 2 scrolls of fear
 y - a scroll of vulnerability {unknown}
 A - a scroll of teleportation {unknown}
 F - 2 scrolls of fog
 I - a scroll of amnesia {unknown}
 L - 2 scrolls of noise {unknown}
 M - 3 scrolls of summoning {unknown}
 R - 2 scrolls of enchant weapon {unknown}
 S - 2 scrolls of identify {unknown}
Potions
 h - a potion of haste
 z - a potion of berserk rage {unknown}
 C - a potion of cancellation {unknown}
 D - a potion of magic {unknown}
 N - 2 potions of brilliance {unknown}
 O - 3 potions of curing {unknown}
 Q - 2 potions of flight {unknown}
 V - 3 potions of resistance {unknown}
 W - a potion of ambrosia {unknown}
 X - a potion of mutation {unknown}
 Z - a potion of lignification {unknown}


   Skills:
 - Level 6.0 Fighting
 - Level 1.7 Short Blades
 - Level 6.0 Staves
 * Level 1.3 Throwing
 - Level 1.3 Dodging
 - Level 5.4 Stealth


You had 6 spell levels left.
You didn't know any spells.
Your spell library contained the following spells:

 Spells                   Type           Power      Damage    Failure   Level
 Sting                    Tmut/Pois      0%         1d3       41%         1
 Cigotuvi's Dreadful Rot  Necr/Pois/Air  0%         N/A       56%         2
 Poisonous Vapours        Pois/Air       0%         N/A       56%         2
 Ignite Poison            Fire/Tmut/Pois 0%         N/A       80%         3
 Inner Flame              Hex/Fire       0%         N/A       80%         3
 Anguish                  Hex/Necr       0%         N/A       99%         4
 Cause Fear               Hex            0%         N/A       99%         4
 Olgreb's Toxic Radiance  Pois           0%         N/A       99%         4
 Freezing Cloud           Conj/Ice/Air   0%         6-21      100%        5
 Yara's Violent Unravell  Hex/Tmut       0%         3d3       100%        5
 Enfeeble                 Hex            0%         N/A       100%        7


Dungeon Overview and Level Annotations

Branches:
Dungeon (5/15)             Temple (1/1) D:5

Altars:
Ashenzari
Dithmenos
Fedhas
Gozag
Hepliaklqana
Kikubaaqudgha
Makhleb
Nemelex Xobeh
Okawaru
Qazlal
Sif Muna
Uskayaw
Vehumet
Wu Jian
Yredelemnul
Zin
The Shining One


Innate Abilities, Weirdness & Mutations

You are completely covered in rugged brown scales. (AC +3, +7% HP)
Armour fits poorly on your strangely shaped body.
You have a long armoured tail.
You roll when moving toward enemies. (Rampage)
Your long tongue fully drains potion bottles. (2x potion effects)
Your tongue gives you trouble enunciating. (1.5x scroll delay)


Message History

The scorpion stings you but does no damage.
The scorpion stings you.
You sock the scorpion!
The scorpion is heavily wounded.
The scorpion closely misses you.
You barely miss the scorpion.
Your tail-slap misses the scorpion.
The scorpion is heavily wounded.
The scorpion stings you.
You hit the scorpion but do no damage.
The scorpion is heavily wounded.
The scorpion stings you.
You barely miss the scorpion.
The scorpion is heavily wounded.
The scorpion stings you!
You hit the scorpion.
Your tail-slap misses the scorpion.
The scorpion is severely wounded.
The scorpion barely misses you.
The scorpion stings you but does no damage.
You sock the scorpion!
You kill the scorpion!
Okawaru accepts your kill.
No target in view!
No target in view!
You see here a scorpion corpse.
You now have 302 gold pieces (gained 20).
You now have 312 gold pieces (gained 10).
An ogre comes into view. It is wielding a +0 giant club.
An ogre is nearby!
An ogre is nearby!
An ogre is nearby!
An ogre is nearby!
You throw a boomerang. The boomerang hits the ogre.
The ogre shouts!
The ogre is lightly wounded.
You throw a boomerang. The boomerang hits the ogre.
The ogre is moderately wounded.
You throw a boomerang. The boomerang barely misses the ogre.
You throw a boomerang. The boomerang hits the ogre.
The ogre is moderately wounded.
You roll towards the ogre!
A scorpion comes into view.
You closely miss the ogre.
The ogre is moderately wounded.
The ogre hits you with a +0 giant club!
An iguana comes into view.
You barely miss the ogre.
The iguana hisses angrily.
You tail-slap the ogre.
The ogre is heavily wounded.
You hit the ogre. You tail-slap the ogre.
The ogre is severely wounded.
The ogre closely misses you.
You sock the ogre!
You kill the ogre!
Okawaru accepts your kill.
Unknown command.
You throw a boomerang.
The boomerang barely misses the scorpion.
You hit the scorpion but do no damage.
The scorpion stings you but does no damage.
You hit the scorpion but do no damage.
Your tail-slap misses the scorpion.
The scorpion stings you.
You hit the scorpion but do no damage. The scorpion barely misses you.
The scorpion stings you!
You thump the scorpion!
You tail-slap the scorpion, but do no damage.
The scorpion is heavily wounded.
The iguana bites you. The scorpion stings you.
You hit the scorpion but do no damage. You tail-slap the scorpion.
The scorpion is heavily wounded.
The iguana bites you! The scorpion barely misses you.
You are too injured to fight recklessly!
You are too injured to fight recklessly!
You are too injured to fight recklessly!
You are too injured to fight recklessly!
You hit the scorpion.
Your tail-slap misses the scorpion.
The scorpion is almost dead.
The iguana bites you. The scorpion stings you.
You hit the scorpion.
You kill the scorpion!
Okawaru accepts your kill. The iguana bites you.
Training target 6.0 for Fighting reached!
Your Fighting skill increases to level 6!
Your Throwing skill increases to level 1!
You closely miss the iguana.
You tail-slap the iguana, but do no damage.
The iguana bites you!
* * * LOW HITPOINT WARNING * * *
Unknown command.
You barely miss the iguana.
Your tail-slap misses the iguana.
The iguana bites you!
* * * LOW HITPOINT WARNING * * *
Unknown command.
Aiming: Paralyse
Press: ? - help, Shift-Dir - straight line, f - iguana
Aim: an iguana (chance to affect: 57%)
The iguana resists with significant effort.
The iguana bites you!
You die...

.)..... .. ....... =..
...... #.## #....# .
...###....# ########.
####...#....## #........
#.......)....# #........
#......@l....# #........
#............# #........
#............# #........
#............# #........
#............###........
#...).........##........
#.............##....)...
#.......................
#............##.........


You could see an iguana.

Vanquished Creatures
  An ogre (D:5)
  A phantom (D:4)
  A gnoll sergeant (D:5)
  2 scorpions (D:5)
  5 wights (D:4)
  2 orc priests
  A sleepcap (D:4)
  An iguana (D:5)
  3 orc wizards
  3 gnolls (D:5)
  5 adders
  A worm (D:2)
  4 dart slugs
  17 orcs
  2 bats
  6 endoplasms
  A giant cockroach (D:3)
  5 goblins
  7 hobgoblins
  4 kobolds
  3 quokkas
  5 ball pythons
  4 frilled lizards
  4 rats
88 creatures vanquished.

Vanquished Creatures (others)
  A rat (D:2)
1 creature vanquished.

Grand Total: 89 creatures vanquished

Notes
Turn   | Place    | Note
-------+----------+-------------------------------------------
     0 | D:5      | browni3141 the Armataur Delver began the quest for the Orb.
     0 | D:5      | Reached XP level 1. HP: 19/19 MP: 1/1
     7 | D:5      | Found a staircase to the Ecumenical Temple.
    14 | Temple   | Entered the Ecumenical Temple
   283 | Temple   | Became a worshipper of Warmaster Okawaru
   352 | D:4      | Reached skill level 3 in Fighting
   360 | D:4      | Noticed a phantom
   540 | D:5      | Noticed an iguana
   594 | D:4      | Noticed an orc wizard
   603 | D:4      | Reached XP level 2. HP: 17/27 MP: 2/2
   609 | D:4      | Reached XP level 3. HP: 8/33 MP: 3/3
   806 | D:4      | Killed a phantom
   806 | D:4      | Reached * piety under Okawaru
   807 | D:4      | Reached XP level 4. HP: 26/42 MP: 4/4
   807 | D:4      | Reached XP level 5. HP: 30/49 MP: 5/5
  1141 | D:3      | Found a faded altar of an unknown god.
  1141 | D:3      | Noticed a great orb of eyes
  1143 | D:3      | Noticed a great orb of eyes
  1143 | D:3      | Noticed a floating eye
  1143 | D:3      | Noticed a golden eye
  1196 | D:3      | Reached skill level 3 in Staves
  1442 | D:3      | Found a broken altar of Ashenzari.
  1443 | D:3      | Found an opulent altar of Gozag.
  1752 | D:1      | Reached XP level 6. HP: 58/58 MP: 6/6
  2868 | D:3      | Found an ornate altar of the Wu Jian Council.
  3534 | D:4      | Reached XP level 7. HP: 58/65 MP: 7/7
  3923 | D:5      | Reached skill level 6 in Staves
  3927 | D:5      | Reached ** piety under Okawaru
  4215 | D:5      | Reached skill level 6 in Fighting
  4217 | D:5      | Slain by an iguana

Illustrated notes

Levels and vault maps discovered:
D:1:      dpeg_arrival_castle, layout_basic
D:2:      cheibrodos_helix_gallery, layout_rooms
D:3:      layout_loops_ring, chequers_temple_overflow_statue_of_worship,
          amcnicky_altar_gilded, hellmonk_ecumenical_altar_watching_god,
          grunt_decor_junction
D:4:      layout_basic, serial_glass, glass_columns_a, glass_columns_b
D:5:      layout_basic, lemuel_tele_altar, temple_green
Temple:   minmay_temple_curvy_branch

Skill      XL: |  1  2  3  4  5  6  7 |
---------------+----------------------+-----
Fighting       | 3 4 5 6 |  6.0
Staves         | 1 2 3 5 6 |  6.0
Throwing       | 1 |  1.3
Short Blades   | |  1.7
Dodging        | |  1.3
Stealth        | |  5.4

Action                     |  1- 3 |  4- 6 |  7- 9 || total
---------------------------+-------+-------+-------++-------
  Melee: Short sword       |    11 |       |       ||    11
         Quarterstaff      |    21 |   139 |    48 ||   208
         Tailslap          |     3 |     7 |    11 ||    21
  Throw: Boomerang         |     9 |     1 |     5 ||    15
 Invoke: Heroism           |       |       |     1 ||     1
  Evoke: Wand              |       |       |     1 ||     1
   Stab: Sleeping          |       |    19 |     1 ||    20
         Distracted        |       |     1 |       ||     1
 Armour: Leather armour    |     7 |    34 |     5 ||    46
  Dodge: Dodged            |    13 |    42 |    18 ||    73
